Map: Beckett Industries LE

Players

ViBE - Winner!

  • Race: Protoss Protoss
  • League: Diamond

PooButt

  • Race: Protoss Protoss
  • League: Diamond

VOD

Have the link to the VOD?

Description

Time

  • Played on: April 27, 2021, 6:49 p.m.
  • Length: 10:00
Show
View Real Time Build Order
Export as new Build Order

ViBE Protoss - Winner!

Build Orders: Phoenix Opening, Archon Immortal 

Get SALT Encoding   

  12  0:00  Probe  
  13  0:15  Probe  
  13  0:19  Pylon  
  14  0:27  Probe  
  15  0:38  Gateway  
  15  0:40  Probe (Chrono Boost)  
  16  0:45  Assimilator  
  16  0:52  Probe (Chrono Boost)  
  17  0:57  Probe (Chrono Boost)  
  18  1:07  Probe  
  19  1:12  Gateway  
  19  1:19  Probe (Chrono Boost)  
  20  1:26  Cybernetics Core  
  20  1:29  Assimilator  
  20  1:35  Probe (Chrono Boost)  
  20  1:36  Pylon  
  21  1:42  Probe (Chrono Boost)  
  22  2:03  Stalker x2  
  26  2:09  Probe  
  27  2:19  Pylon  
  27  2:26  Warp Gate  
  27  2:29  Probe  
  28  2:35  Nexus  
  30  2:44  Sentry  
  30  2:47  Shield Battery  
  30  2:49  Probe (Chrono Boost)  
  32  2:58  Probe (Chrono Boost)  
  32  3:03  Probe (Chrono Boost)  
  33  3:11  Stalker  
  35  3:15  Probe  
  35  3:16  Stalker  
  37  3:27  Probe (Chrono Boost), Phoenix  
  38  3:38  Pylon  
  38  3:39  Probe (Chrono Boost)  
  39  3:41  Robotics Facility  
  39  3:45  Probe (Chrono Boost)  
  39  3:47  Probe (Chrono Boost)  
  41  3:49  Sentry  
  41  3:50  Sentry  
  45  3:59  Probe (Chrono Boost)  
  45  4:01  Probe (Chrono Boost)  
  47  4:07  Probe (Chrono Boost)  
  47  4:09  Probe (Chrono Boost)  
  49  4:14  Probe  
  50  4:20  Probe  
  51  4:24  Pylon  
  51  4:26  Probe  
  51  4:29  Immortal  
  51  4:31  Stalker  
  58  4:32  Probe  
  58  4:33  Stalker  
  58  4:38  Probe  
  62  4:40  Pylon  
  62  4:44  Probe  
  63  4:46  Pylon  
  63  4:50  Probe  
  64  4:57  Nexus  
  64  5:02  Pylon  
  64  5:07  Probe x2  
  64  5:11  Assimilator  
  64  5:12  Assimilator  
  66  5:17  Immortal  
  70  5:21  Probe (Chrono Boost)  
  70  5:22  Probe (Chrono Boost)  
  72  5:29  Twilight Council  
  72  5:31  Probe x2 (Chrono Boost)  
  74  5:36  Probe x2 (Chrono Boost)  
  74  5:37  Zealot x2  
  74  5:42  Forge  
  80  5:48  Probe x2  
  82  5:50  Pylon  
  82  5:54  Pylon  
  82  6:00  Probe x2  
  84  6:04  Immortal  
  88  6:12  Probe x2, Protoss Ground Weapons Level 1 (Chrono Boost)  
  90  6:19  Probe  
  90  6:21  Charge (Chrono Boost)  
  90  6:22  Zealot x2  
  90  6:24  Probe x2  
  97  6:28  Templar Archives  
  97  6:31  Probe  
  98  6:34  Gateway  
  98  6:36  Gateway  
  98  6:40  Gateway  
  98  6:43  Gateway  
  98  6:45  Probe x2  
  100  6:47  Probe  
  101  7:01  Zealot  
  101  7:02  Immortal  
  101  7:03  Zealot  
  101  7:04  Probe x2  
  101  7:05  Probe  
  101  7:07  Assimilator x2  
  112  7:11  Pylon  
  112  7:13  Pylon  
  112  7:16  Probe  
  112  7:17  Probe  
  112  7:18  Pylon  
  114  7:23  Pylon  
  114  7:33  High Templar  
  114  7:34  High Templar x3  
  114  7:35  Zealot  
  124  7:37  Zealot  
  124  7:41  Gateway  
  124  7:44  Gateway  
  126  7:46  Gateway  
  126  7:47  Archon x2  
  126  7:49  Gateway  
  126  7:53  Pylon  
  126  8:06  Immortal (Chrono Boost)  
  126  8:08  Zealot x6  
  142  8:13  Pylon  
  142  8:15  Pylon  
  142  8:17  Pylon  
  142  8:19  Pylon  
  142  8:30  Gateway  
  142  8:32  Gateway  
  142  8:33  High Templar  
  142  8:34  High Templar x5  
  154  8:41  Archon x2  
  154  8:42  Warp Prism (Chrono Boost), Archon  
  154  8:44  Zealot  
  154  8:45  Zealot x3  
  164  8:55  Pylon  
  164  8:56  Nexus  
  164  8:58  Pylon  
  164  9:07  High Templar x3  
  164  9:08  High Templar, Zealot x4  
  180  9:11  Archon x2  
  166  9:46  Zealot x10  
Show
View Real Time Build Order
Export as new Build Order

PooButt Protoss 

Build Orders:  

Get SALT Encoding   

  12  0:01  Probe  
  13  0:13  Probe  
  14  0:21  Pylon  
  14  0:25  Probe  
  15  0:39  Probe  
  15  0:40  Gateway  
  16  0:51  Probe  
  17  0:58  Assimilator  
  17  1:03  Probe  
  17  1:04  Gateway  
  18  1:11  Assimilator  
  18  1:15  Probe  
  19  1:28  Probe  
  19  1:31  Cybernetics Core  
  20  1:40  Probe  
  20  1:45  Pylon  
  21  1:52  Probe  
  22  2:04  Probe  
  22  2:06  Stalker x2 (Chrono Boost)  
  27  2:16  Probe  
  27  2:21  Pylon  
  28  2:28  Probe  
  28  2:29  Sentry  
  31  2:39  Stalker  
  32  2:51  Nexus  
  32  3:04  Shield Battery  
  32  3:06  Probe (Chrono Boost)  
  33  3:19  Probe (Chrono Boost)  
  33  3:22  Robotics Facility  
  34  3:28  Warp Gate  
  34  3:29  Probe (Chrono Boost)  
  35  3:39  Probe (Chrono Boost)  
  35  3:40  Pylon  
  36  3:44  Probe (Chrono Boost)  
  37  3:51  Stalker  
  39  3:57  Stalker  
  39  3:58  Probe  
  42  4:10  Probe  
  42  4:13  Immortal  
  42  4:16  Probe (Chrono Boost)  
  48  4:22  Probe (Chrono Boost)  
  49  4:28  Probe (Chrono Boost)  
  49  4:30  Forge  
  51  4:31  Probe (Chrono Boost)  
  51  4:33  Probe (Chrono Boost)  
  51  4:36  Probe (Chrono Boost)  
  53  4:43  Probe  
  54  4:48  Probe  
  54  4:52  Pylon  
  56  4:53  Observer  
  56  4:59  Nexus  
  56  5:03  Pylon  
  56  5:06  Assimilator  
  56  5:07  Protoss Ground Weapons Level 1 (Chrono Boost)  
  56  5:08  Assimilator  
  56  5:18  Stalker  
  56  5:20  Zealot  
  56  5:21  Probe (Chrono Boost)  
  61  5:33  Probe x2 (Chrono Boost)  
  61  5:35  Robotics Bay  
  63  5:41  Probe (Chrono Boost)  
  65  5:43  Probe (Chrono Boost)  
  65  5:44  Stalker  
  65  5:47  Probe  
  68  5:53  Probe  
  69  5:59  Probe  
  69  6:00  Gateway  
  69  6:01  Gateway  
  69  6:03  Twilight Council  
  70  6:05  Probe  
  70  6:11  Probe, Gateway  
  71  6:15  Stalker  
  71  6:17  Probe  
  75  6:20  Stalker  
  75  6:24  Probe  
  78  6:26  Disruptor  
  78  6:29  Probe  
  82  6:36  Probe  
  82  6:38  Shield Battery  
  82  6:39  Stalker  
  85  6:40  Blink (Chrono Boost)  
  85  6:41  Probe  
  86  6:47  Probe  
  86  6:48  Probe  
  86  6:53  Probe  
  89  6:54  Pylon  
  89  6:55  Stalker  
  89  6:58  Stalker  
  93  7:03  Protoss Ground Weapons Level 2 (Chrono Boost)  
  93  7:12  Pylon, Disruptor (Chrono Boost)  
  93  7:13  Probe x2  
  98  7:16  Pylon  
  98  7:25  Nexus  
  98  7:33  Probe  
  99  7:37  Pylon, Probe  
  99  7:39  Stalker x3  
  106  7:45  Disruptor (Chrono Boost)  
  109  7:54  Assimilator  
  109  7:55  Probe  
  109  7:57  Assimilator  
  109  7:59  Pylon  
  109  8:01  Stalker x2  
  114  8:06  Stalker x2  
  114  8:08  Pylon  
  118  8:19  Pylon  
  118  8:20  Stalker  
  118  8:24  Disruptor (Chrono Boost)  
  123  8:28  Gateway  
  123  8:30  Gateway  
  123  8:31  Gateway  
  123  8:33  Gateway  
  123  8:36  Shield Battery  
  123  8:37  Stalker x2  
  127  8:42  Probe  
  127  8:43  Probe x3  
  131  8:51  Templar Archives  
  131  8:54  Stalker x2, Probe  
  131  8:55  Probe  
  137  8:56  Disruptor (Chrono Boost)  
  137  8:58  Probe x2  
  142  9:06  Probe  
  142  9:07  Stalker x3, Probe  
  150  9:15  Pylon  
  150  9:20  Pylon  
  150  9:22  Stalker x2  
  153  9:50  Stalker x6  
  117  9:53  Stalker  
Tags
 
Add a new tag
Caveats
  • Supply blocks, unpowered buildings, or Contaminate may cause inaccurate times.
  • Supply counts are checked every 10 seconds.